 Dungeon Crawl Stone Soup version 0.31-a0-261-g072fdb8a1f (webtiles) character file.

Game seed: 12615829864965350908

238 qw the Shooter (level 5, -7/45 HPs)
             Began as a Minotaur Hexslinger on July 13, 2023.
             Mangled by a raiju (shapeshifter) (8 damage)
             ... on level 3 of the Dungeon.
             The game lasted 00:01:15 (3152 turns).

qw the Shooter (Minotaur Hexslinger)                Turns: 3152, Time: 00:01:16

Health: -7/45      AC:  5    Str: 12    XL:     5   Next: 78%
Magic:  5/5        EV: 17    Int: 10    God:
Gold:   223        SH:  0    Dex: 15    Spells: 5/6 levels left

rFire   . . .        Y - +1 sling (chaos)
rCold   . . .        (no shield)
rNeg    . . .        i - +1 leather armour {rPois}
rPois   +            (helmet restricted)
rElec   .            m - +0 cloak
rCorr   .            (no gloves)
SInv    .            (no boots)
Will    .....        (no amulet)
Stlth   +            a - +5 ring of evasion
HPRegen 0.27/turn    (no ring)
MPRegen 0.09/turn

%: no passive effects
@: no status effects
A: horns 2, retaliatory headbutt
a: no special abilities


You were on level 3 of the Dungeon.
You visited 1 branch of the dungeon, and saw 4 of its levels.
You also visited: Sewer.

You collected 223 gold pieces.


Innate Abilities, Weirdness & Mutations

You have a pair of horns on your head.
You reflexively headbutt those who attack you in melee.


   Skills:
 + Level 3.1 Fighting
 - Level 6.0 Ranged Weapons
 - Level 1.2 Armour
 - Level 2.1 Dodging
 - Level 1.0 Spellcasting
 - Level 2.0 Hexes


You had 5 spell levels left.
You knew the following spells:

 Your Spells              Type           Power      Damage    Failure   Level
a - Slow                  Hex            16%        N/A       19%         1

Your spell library contained the following spells:

 Spells                   Type           Power      Damage    Failure   Level
 Inner Flame              Hex/Fire       2%         N/A       65%         3
 Portal Projectile        Hex/Tloc       4%         N/A       65%         3
 Cause Fear               Hex            2%         N/A       88%         4

Inventory:

Hand Weapons
 Y - a +1 sling of chaos (weapon)
Armour
 i - a +1 leather armour of poison resistance (worn)
 m - a +0 cloak (worn)
Jewellery
 a - a +5 ring of evasion (left hand)
 g - a ring of fire
Scrolls
 e - a scroll of identify
Potions
 b - a potion of resistance {unknown}
 d - a potion of curing {unknown}
 f - 6 potions of enlightenment
 h - a potion of attraction {unknown}
 j - a potion of mutation {unknown}
 k - a potion of invisibility {unknown}

Dungeon Overview and Level Annotations

Branches:
Dungeon (4/15)              Sewer (visited)
 Temple: D:4-7

Altars:

Shops:
D:2 [

Annotations:
D:2 2 transporters


Message History

The sling bullet hits the raiju but does no damage.
The raiju is heavily wounded.
You shoot a sling bullet.
The sling bullet closely misses the raiju.
You shoot a sling bullet.
The sling bullet barely misses the raiju.
The raiju bursts into living lightning!
The living lightning hits you!
The raiju blinks!
3146 ||| READING scroll of teleportation.
As you read the scroll of teleportation, it crumbles to dust.
You feel strangely unstable.
You shoot a sling bullet.
The sling bullet barely misses the raiju.
You shoot a sling bullet. The sling bullet misses the raiju.
You shoot a sling bullet.
The sling bullet closely misses the raiju.
You shoot a sling bullet.
The sling bullet barely misses the raiju.
Your surroundings suddenly seem different.
Enter note:
Enter note:
Enter note:
Enter note:
Enter note:
Enter note:
Enter note:
Enter note:
Enter note:
Enter note:
Enter note:
Enter note: You shoot a sling bullet.
The sling bullet hits the raiju.
The raiju is severely wounded.
The raiju bursts into living lightning!
The living lightning hits you!
The raiju blinks! x2
You shoot a sling bullet. The sling bullet hits the raiju.
The sling bullet burns the raiju.
The raiju is almost dead.
The raiju bites you. The raiju shocks you!
You die...

#.....>.........
#......####.....
#....ยค.# #.....
###......#
#.....
#........#
######
#........#
#....%...#
#.h......#
#@.....###
#......#
#......#
#......#
#......#
#......#
#......#
#......#
########


You could see a raiju shaped shifter (drained).

Vanquished Creatures
  7 adders
  6 river rats (Sewer)
  5 worms
  4 dart slugs
  11 bats
  4 endoplasms
  12 giant cockroaches
  4 goblins
  4 hobgoblins
  16 jackals
  3 quokkas
  7 ball pythons
  7 frilled lizards
  6 kobolds
  5 rats
101 creatures vanquished.

Vanquished Creatures (others)
  An endoplasm (D:4)
1 creature vanquished.

Grand Total: 102 creatures vanquished

Notes
Turn   | Place    | Note
-------+----------+-------------------------------------------
     0 | D:1      | qw the Minotaur Hexslinger began the quest for the Orb.
     0 | D:1      | Reached XP level 1. HP: 16/16 MP: 1/1
     0 | D:1      | 0 ||| qw: Version: 0.3-a-52-g30416fa
     0 | D:1      | 0 ||| qw: Game counter: 6997
     0 | D:1      | 0 ||| qw: Melee chars always use a shield: true
     0 | D:1      | 0 ||| qw: God list: Okawaru
     0 | D:1      | 0 ||| qw: Allow faded altars: false
     0 | D:1      | 0 ||| qw: Do Orc after clearing Dungeon:15 true
     0 | D:1      | 0 ||| qw: Do second Lair branch before Depths: true
     0 | D:1      | 0 ||| qw: Lair rune preference: random
     0 | D:1      | 0 ||| qw: Goals: Normal
     0 | D:1      | 0 ||| PLANNING D:1-11
   270 | D:1      | Reached skill level 3 in Ranged Weapons
   270 | D:1      | Reached XP level 2. HP: 23/23 MP: 2/2
   472 | D:1      | Reached XP level 3. HP: 29/29 MP: 3/3
   724 | D:1      | 724 ||| READING 3 scrolls labelled MUNERAN NAUNA.
   725 | D:1      | 725 ||| READING 2 scrolls labelled ONUKOOXAIB.
   726 | D:1      | 726 ||| READING scroll labelled FOGAPUOBRE.
   727 | D:1      | 727 ||| DROPPING 2 scrolls of revelation.
   728 | D:1      | 728 ||| DROPPING scroll of poison.
   811 | D:2      | Reached skill level 4 in Ranged Weapons
  1130 | D:2      | Found a transporter.
  1132 | D:2      | Found Dyps's Armour Shoppe.
  1206 | D:2      | Reached XP level 4. HP: 36/36 MP: 4/4
  1347 | D:2      | Found a faded altar of an unknown god.
  1682 | D:2      | Found a transporter.
  1696 | D:2      | 1696 ||| UPGRADING to +1 leather armour of poison
                  | resistance.
  1706 | D:2      | 1706 ||| DROPPING +0 robe.
  1707 | D:2      | 1707 ||| UPGRADING to +5 ring of evasion.
  1708 | D:2      | 1708 ||| READING scroll labelled NEZINL EVOTO.
  1733 | D:3      | 1733 ||| PLANNING SEWER
  1735 | D:3      | Reached skill level 5 in Ranged Weapons
  1808 | D:3      | Found a glowing drain.
  1819 | D:3      | 1819 ||| READING scroll labelled VAEXTO ZADAPH.
  1838 | Sewer    | Entered a sewer
  1847 | Sewer    | Reached skill level 3 in Fighting
  1890 | Sewer    | 1890 ||| Stepping ~*~*~tactically~*~*~ (water).
  1981 | Sewer    | Reached XP level 5. HP: 45/45 MP: 5/5
  2445 | Sewer    | 2445 ||| UPGRADING to +0 cloak.
  2450 | Sewer    | 2450 ||| READING scroll labelled FIL HEUTHOWNIGI.
  2451 | Sewer    | 2451 ||| READING scroll labelled VOOCZA FECRI.
  2474 | D:3      | 2474 ||| PLANNING D:1-11
  2538 | D:3      | Reached skill level 6 in Ranged Weapons
  2916 | D:3      | Reached skill level 1 in Armour
  2983 | D:4      | an adder changed into a shapeshifter
  2983 | D:4      | Noticed a shapeshifter (shapeshifter)
  2983 | D:4      | a shapeshifter changed into a raiju
  2983 | D:4      | Noticed a raiju (shapeshifter)
  2985 | D:4      | HP: 11/45 [raiju (shapeshifter)/living lightning (13)]
  2986 | D:4      | 2986 ||| STAIRDANCE
  3114 | D:4      | 3114 ||| STAIRDANCE
  3133 | D:4      | 3133 ||| STAIRDANCE
  3145 | D:3      | HP: 9/45 [raiju (shapeshifter)/living lightning (16)]
  3146 | D:3      | 3146 ||| READING scroll of teleportation.
  3151 | D:3      | HP: 3/45 [raiju (shapeshifter)/living lightning (8)]
  3152 | D:3      | HP: 1/45 [raiju (shapeshifter) (2)]
  3152 | D:3      | Mangled by a raiju (shapeshifter)

Levels and vault maps discovered:
D:1:      dpeg_arrival_tiny_f, layout_basic
D:2:      minmay_roachtagon, layout_loops_ring,
          dilly_ecumenical_altar_fadedgnrine, serial_shops,
          nicolae_shop_drivethru
D:3:      layout_basic, cheibrodos_sewer_entry_sluice
D:4:      layout_basic, nicolae_overflow_crystal_walls,
          minmay_temple_entry_mist, kennysheep_small_square

Skill      XL: |  1  2  3  4  5 |
---------------+----------------+-----
Ranged Weapons | 3 4 5 6 |  6.0
Fighting       | 2 3 |  3.1
Armour         | 1 |  1.2
Dodging        | |  2.1
Spellcasting   | |  1.0
Hexes          | |  2.0

Action                     |  1- 3 |  4- 6 || total
---------------------------+-------+-------++-------
   Fire: Sling             |   128 |   185 ||   313
    Use: Scroll            |     3 |     5 ||     8
 Armour: Robe              |    23 |     1 ||    24
         Leather armour    |       |    23 ||    23
  Dodge: Dodged            |    47 |    97 ||   144

Table legend:
 A = Non-vault XP
 B = Vault XP
 C = Vault XP percentage of total XP
 D = Non-vault monster count
 E = Vault monster count
 F = Vault count percentage of total count
                 A         B        C        D         E       F
            +---------+---------+-------+---------+---------+-------
      Total |     152 |     189 |  55.4 |      61 |      40 |  39.6
            +---------+---------+-------+---------+---------+-------
        D:1 |      47 |       0 |   0.0 |      24 |       0 |   0.0
        D:2 |      66 |      20 |  23.3 |      20 |      10 |  33.3
        D:3 |      39 |      16 |  29.1 |      17 |       4 |  19.0
        D:4 |       0 |       2 | 100.0 |       0 |       1 | 100.0
      Sewer |       0 |     151 | 100.0 |       0 |      25 | 100.0
            +---------+---------+-------+---------+---------+-------
